 Dungeon Crawl Stone Soup version 0.27-a0-1378-gdefffd1ff6 (webtiles) character file.

Game seed: 1650974273767148809

67 Dittersdorf the Shield-Bearer (level 4, -15/29 HPs)
             Began as a Gargoyle Fighter on June 29, 2021.
             Demolished by an ogre (19 damage)
             ... on level 4 of the Dungeon.
             The game lasted 00:01:43 (2357 turns).

Dittersdorf the Shield-Bearer (Gargoyle Fighter)    Turns: 2357, Time: 00:01:44

Health: -15/29     AC: 13    Str: 20    XL:     4   Next: 18%
Magic:  4/4        EV:  5    Int:  9    God:
Gold:   71         SH:  9    Dex:  9    Spells: 3/3 levels left

rFire    . . .     SeeInvis .   b - +1 flail (holy)
rCold    . . .     Faith    .   c - +0 kite shield
rNeg     + . .     Spirit   .   e - +0 chain mail
rPois    ∞         Reflect  .   (no helmet)
rElec    +         Harm     .   (no cloak)
rCorr    .         Rampage  .   (no gloves)
Will     .....                  (no boots)
Stlth    ..........             k - amulet of the acrobat
HPRegen  0.09/turn              j - ring of flight
MPRegen  0.09/turn              (no ring)

@: flying
A: sickness immunity, AC +3, negative energy resistance 1, electricity
resistance, torment resistance 1, petrification resistance
a: no special abilities


You were on level 4 of the Dungeon.
You visited 1 branch of the dungeon, and saw 4 of its levels.

You collected 71 gold pieces.

Inventory:

Hand Weapons
 b - a +1 flail of holy wrath (weapon)
Missiles
 f - 2 throwing nets (quivered)
Armour
 c - a +0 kite shield (worn)
 e - a +0 chain mail (worn)
Jewellery
 j - a ring of flight (left hand)
 k - an amulet of the acrobat (around neck)
Scrolls
 a - a scroll of blinking {unknown}
 h - 3 scrolls of identify {unknown}
 i - a scroll of noise {unknown}
Potions
 d - 2 potions of might
 g - 2 potions of brilliance {unknown}
 l - a potion of heal wounds {unknown}


   Skills:
 + Level 3.8 Fighting
 + Level 2.7 Maces & Flails
 + Level 3.9 Armour
 + Level 3.9 Shields


You had 3 spell levels left.
You didn't know any spells.
Your spell library was empty.

Dungeon Overview and Level Annotations

Branches:
Dungeon (4/15)
 Temple: D:4-7

Altars:


Innate Abilities, Weirdness & Mutations

You are immune to sickness and miasma.
Your stone body is resilient. (AC +3)
You are immune to poison.
You resist negative energy. (rN+)
You are resistant to electric shocks. (rElec)
You are resistant to unholy torment.
You are immune to petrification.


Message History

You are suddenly yanked towards some nearby monsters!
Your surroundings seem slightly different.
The goblin unwields a +0 dagger.
The goblin wields a +0 hunting sling.
The goblin shoots a stone.
You block the stone.
Found 19 gold pieces.
You can't go up here!
You can't go down here!
The goblin shoots a stone.
You block the stone.
Found a leather armour.
An endoplasm comes into view.
The goblin shoots a stone.
You block the stone.
A rat comes into view.
The goblin shoots a stone.
The stone misses you.
The goblin shoots a stone.
The stone completely misses you.
Found 12 gold pieces.
The goblin shoots a stone.
The stone barely misses you.
There is a stone staircase leading down here.
The ogre hits you but does no damage.
You fly downwards.
There is a stone staircase leading up here.
You thump the ogre!
The ogre is moderately wounded.
The ogre barely misses you.
You sock the ogre!
The ogre is heavily wounded.
The ogre closely misses you.
You barely miss the ogre.
The ogre is heavily wounded.
The ogre hits you with a +0 giant club!
You hit the ogre.
The ogre is severely wounded.
The ogre hits you with a +0 giant club!!
Ouch! That really hurt!
* * * LOW HITPOINT WARNING * * *
You block the ogre's attack.
You hit the ogre.
The ogre is severely wounded.
The ogre hits you with a +0 giant club!!
Ouch! That really hurt!
You die...

#.##.. .....# ######
.....# ..#.# #.##.#
#.#.# ##.##.#
#.#.#####
..##.######.#.#...#
###
#.##†.....#.#.###.#
#...$#.##O.....#.#.#
#.#
#.......@......#.###.#
#...####.....###.....#
###. #...#.# #####.#
.. ###.#.# #.# .##
#.#)# ##.# . #.#.#
#..# . #.#.# #.##
#.#.# #.# #.#.# #.#


You could see an ogre.

Vanquished Creatures
  A gnoll (D:1)
  An adder (D:2)
  5 orcs
  3 ball pythons
  4 endoplasms
  A giant cockroach (D:2)
  3 jackals (D:1)
  2 quokkas
  6 bats
  2 frilled lizards
  8 goblins
  3 rats
39 creatures vanquished.

Notes
Turn   | Place    | Note
-------+----------+-------------------------------------------
     0 | D:1      | Dittersdorf the Gargoyle Fighter began the quest for the
                  | Orb.
     0 | D:1      | Reached XP level 1. HP: 14/14 MP: 1/1
   145 | D:1      | Found a faded altar of an unknown god.
   230 | D:1      | Reached XP level 2. HP: 16/19 MP: 2/2
   963 | D:1      | Reached XP level 3. HP: 23/23 MP: 3/3
  1971 | D:2      | Reached XP level 4. HP: 18/29 MP: 4/4
  2216 | D:3      | You are sucked into a shaft and drop 1 floor!
  2217 | D:4      | yay!
  2344 | D:3      | Noticed an ogre
  2357 | D:4      | Demolished by an ogre

Illustrated notes # #$######.# #.....@..# #.######## Turn 2217 on D:4: yay!

Levels and vault maps discovered:
D:1:      grunt_arrival_lava_bath, layout_basic,
          chequers_ecumenical_altar_simple
D:2:      layout_rooms
D:3:      layout_rooms, lemuel_tele_altar, serial_shops, shop,
          grunt_decor_fettered
D:4:      layout_loops_cross, amcnicky_altar_gilded, serial_co_window_serial,
          co_window_paths_b, co_window_corner_a, co_window_paths_b,
          co_window_cross_1, co_window_paths_a, co_window_of_opportunity_a,
          co_window_paths_a, co_window_cross_3, co_window_corner_b,
          co_window_broadway_c, co_window_sun, glass_columns_b,
          minmay_misc_feat_enclosed

Action                   |  1- 3 |  4- 6 || total
-------------------------+-------+-------++-------
Melee: Flail             |    92 |    21 ||   113
Armor: Scale mail        |     8 |       ||     8
       Chain mail        |    95 |     8 ||   103
Dodge: Dodged            |    29 |     9 ||    38
Block: Kite shield       |    81 |    12 ||    93

Table legend: (Time is in decaauts)
 A = Elapsed time spent in this place.
 B = Non-inter-level travel time spent in this place.
 C = Inter-level travel time spent in this place.
 D = Time resting spent in this place.
 E = Time spent auto-exploring this place.
 F = Levels seen in this place.
 G = Mean time per level.
                   A        B        C        D        E       F      G
               +--------+--------+--------+--------+--------+-----+--------+
         Total |   2416 |   2269 |    147 |    395 |   1518 |   4 |  604.0 |
       Dungeon |   2416 |   2269 |    147 |    395 |   1518 |   4 |  604.0 |
               +--------+--------+--------+--------+--------+-----+--------+

Top non-repeatable levels by time:
     D:1: 1319 daAuts
     D:2: 865 daAuts
     D:4: 140 daAuts
     D:3: 91 daAuts
